 Dungeon Crawl Stone Soup version 0.17.0 (webtiles) character file.

12712 MDvedh the Severer (level 11, 0/100 (101) HPs)
             Began as a Minotaur Berserker on Nov 6, 2015.
             Was a High Priest of Trog.
             Slain by a six-headed hydra (9 damage)
             ... while paralysed
             ... on level 1 of the Lair of Beasts.
             The game lasted 00:18:38 (9051 turns).

MDvedh the Severer (Minotaur Berserker)             Turns: 9051, Time: 00:18:38

HP:   0/100 (101)   AC: 19    Str: 22    XL:     11   Next: 66%
MP:   10/10         EV:  2    Int:  4    God:    Trog [*****.]
Gold: 618           SH:  0    Dex: 15    Spells: 0 memorised, 10 levels left

rFire  + . .     SeeInvis .     J - +11 battleaxe of the Trees {venom, rPois}
rCold  + . .     Clarity  .     r - +3 ring mail of Mirth {MR++ Regen+ Dex+2}
rNeg   . . .     SustAt   .     (shield currently unavailable)
rPois  +         Gourm    .     L - +1 hat
rElec  .         Spirit   .     t - +0 cloak (curse)
rCorr  .         Warding  .     z - +0 pair of gloves
rMut   .         Stasis   .     (no boots)
MR     +++..                    (no amulet)
Stlth  +.........               G - +3 ring of protection
                                u - ring of protection from cold

@: paralysed, exhausted, slowed, extremely resistant to hostile enchantments,
very unstealthy
A: retaliatory headbutt, hooves 1, horns 2, large bone plates 1, fire resistance
1, magic resistance 1, poison resistance
a: Berserk, Trog's Hand, Brothers in Arms, Burn Spellbooks, Renounce Religion


You were on level 1 of the Lair of Beasts.
You worshipped Trog.
Trog was extremely pleased with you.
You were not hungry.

You visited 2 branches of the dungeon, and saw 11 of its levels.

You collected 618 gold pieces.

Inventory:

Hand Weapons
 a - a +1 hand axe
 H - a +0 battleaxe
 J - the +11 battleaxe of the Trees (weapon) {venom, rPois}
   (Trog gifted it to you on level 1 of the Lair of Beasts)

   It poisons the flesh of those it strikes.
   It protects you from poison.
Armour
 o - a +0 chain mail
 r - the +3 ring mail of Mirth (worn) {MR++ Regen+ Dex+2}
   (You found it on level 5 of the Dungeon)

   It affects your dexterity (+2).
   It affects your resistance to hostile enchantments.
   It increases your rate of regeneration.
 t - a cursed +0 cloak (worn)
 z - a +0 pair of gloves (worn)
 L - a +1 hat (worn)
Jewellery
 u - a ring of protection from cold (left hand)
 G - a +3 ring of protection (right hand)
Wands
 h - a wand of random effects (14)
 i - a wand of magic darts (31)
 l - a wand of digging (8)
 n - a wand of magic darts (45)
 s - a wand of polymorph (7)
 y - a wand of invisibility (3)
 D - a wand of digging (14)
 I - a wand of magic darts (23)
 K - a wand of lightning (7)
Scrolls
 d - 2 scrolls of immolation
 g - 4 scrolls of remove curse
 k - a scroll of identify
 q - 2 scrolls of magic mapping
Potions
 b - 7 potions of curing
 e - a potion of degeneration
 f - 6 potions of brilliance
 j - 2 potions of magic
 p - 2 potions of agility
 x - a potion of resistance
 B - a potion of cure mutation
 C - 4 potions of berserk rage
 E - a potion of heal wounds
Comestibles
 c - 13 bread rations
 m - a meat ration
 v - 2 royal jellies
 A - 6 beef jerkies
 F - a slice of pizza


   Skills:
 - Level 10.5 Fighting
 * Level 16.6 Axes
 - Level 10.5 Armour
 - Level 2.1 Dodging


You had 10 spell levels left.
You didn't know any spells.

Dungeon Overview and Level Annotations

Branches:
Dungeon (10/15)            Temple (0/1) D:5            Lair (1/8) D:9
    Orc (0/4) D:9

Altars:
Cheibriados
Fedhas
Gozag
Okawaru
Ru
Yredelemnul
Zin
The Shining One

Annotations:
Lair:1 fotsohgehT's ghost, journeyman DEIE


Innate Abilities, Weirdness & Mutations

You reflexively headbutt those who attack you in melee.
You have a pair of horns on your head.
You have large cloven feet.
You are partially covered in large bone plates (AC +2, SH +2).
Your flesh is heat resistant.
You are resistant to hostile enchantments.
Your system is resistant to poisons.


Message History

You are no longer berserk.
You pass out from exhaustion.
You feel yourself slow down.
The six-headed hydra is engulfed in freezing vapours.
The six-headed hydra bites you.
The six-headed hydra bites you but does no damage.
The six-headed hydra bites you!
The six-headed hydra bites you but does no damage. x2
The six-headed hydra bites you.
FotsohgehT's ghost shrieks, "You must not succeed where I failed!"
The six-headed hydra bites you!
* * * LOW HITPOINT WARNING * * *
The six-headed hydra bites you but does no damage. x2
The six-headed hydra bites you!
* * * LOW HITPOINT WARNING * * *
The six-headed hydra bites you but does no damage.
The six-headed hydra bites you!
* * * LOW HITPOINT WARNING * * *
The six-headed hydra bites you!
You die...

........### #.#.#.....##
.#P###.## #.#.#####..#
####.#.# P.#....^..##
#P#....# ########'###
#...#### ###.#.# #..##
#§§...# #.## ## #§#####
#.####.# ######§#.####
.>.....## #...@DW.....#
........###.'.#####.....#
............ .#.P.#
.......### .P...#
........# .....#
##.###### .'. ## #...#
..## #..## ##..#


You could see a six-headed hydra and fotsohgehT's ghost.

Vanquished Creatures
  Gastronok (Lair:1)
  The ghost of xeno23 the Nimble, a journeyman DEFE of Vehumet (Lair:1)
  Urug (Lair:1)
  The ghost of tp1 the Thaumaturge, a novice DECj of Vehumet (Lair:1)
  A hill giant (D:10)
  Pikel (D:6)
  A spiny frog (Lair:1)
  5 blink frogs (Lair:1)
  A troll (D:9)
  Sigmund (D:2)
  A deep elf mage (D:9)
  A hungry ghost (D:7)
  A wyvern (D:9)
  3 hippogriffs
  3 yaks (Lair:1)
  Grum (Lair:1)
  6 wolves
  A steam dragon (D:8)
  Edmund (D:6)
  A water moccasin (Lair:1)
  A slave (D:6)
  An ice beast (D:9)
  3 sky beasts
  A phantom (D:9)
  6 centaurs
  5 ogres
  4 necrophages (D:9)
  2 black bears
  3 giant frogs
  A wyvern skeleton (D:8)
  A scorpion (D:8)
  5 killer bees
  An electric eel (D:9)
  7 wights
  A centaur zombie (D:7)
  2 orc priests
  A crimson imp (D:8)
  4 orc wizards
  11 hounds
  A jelly (D:9)
  2 iguanas
  Jessica (D:2)
  A giant frog skeleton (D:5)
  9 worker ants
  A killer bee zombie (D:7)
  A hound skeleton (D:4)
  3 mummies (D:9)
  2 worker ant zombies
  15 adders
  A gnoll (D:6)
  5 river rats (Lair:1)
  2 shadow imps
  An ooze (D:4)
  An adder skeleton (D:7)
  An adder zombie (D:5)
  5 worms
  5 giant geckos
  18 orcs
  4 ball pythons
  11 goblins
  7 hobgoblins
  3 jackals
  3 quokkas
  9 bats
  5 giant cockroaches
  3 giant newts
  2 gnoll zombies (D:3)
  11 kobolds
  4 rats
230 creatures vanquished.

Vanquished Creatures (collateral kills)
  A hydra (Lair:1)
  A crocodile (Lair:1)
  A giant frog (Lair:1)
3 creatures vanquished.

Vanquished Creatures (others)
  A slave (D:6)
  A scorpion (D:6)
  A giant frog skeleton (D:6)
  2 gnolls (D:6)
  2 jackals (D:6)
  2 plants (Lair:1)
9 creatures vanquished.

Grand Total: 242 creatures vanquished

Notes
Turn   | Place    | Note
--------------------------------------------------------------
     0 | D:1      | MDvedh the Minotaur Berserker began the quest for the Orb.
     0 | D:1      | Reached XP level 1. HP: 19/19 MP: 0/0
   189 | D:1      | Reached skill level 4 in Axes
   247 | D:1      | Reached XP level 2. HP: 23/26 MP: 1/1
   599 | D:2      | Noticed Jessica
   655 | D:2      | Killed Jessica
   655 | D:2      | Reached skill level 5 in Axes
   655 | D:2      | Reached XP level 3. HP: 17/31 MP: 2/2
   890 | D:2      | Reached ** piety under Trog
  1038 | D:2      | Reached XP level 4. HP: 33/39 MP: 3/3
  1157 | D:2      | Reached skill level 6 in Axes
  1203 | D:2      | Found an iron altar of Okawaru.
  1368 | D:2      | Noticed Sigmund
  1378 | D:2      | Killed Sigmund
  1378 | D:2      | Reached skill level 7 in Axes
  1378 | D:2      | Reached XP level 5. HP: 45/45 MP: 4/4
  1715 | D:3      | Reached skill level 8 in Axes
  1740 | D:2      | Reached XP level 6. HP: 41/51 MP: 5/5
  1904 | D:3      | Found a basalt altar of Yredelemnul.
  2381 | D:3      | Reached skill level 9 in Axes
  2420 | D:3      | Found a faded altar to an unknown god.
  2831 | D:4      | Reached *** piety under Trog
  2851 | D:4      | Reached XP level 7. HP: 57/57 MP: 6/6
  3114 | D:4      | Found an opulent altar of Gozag.
  3392 | D:4      | Reached skill level 10 in Axes
  3493 | D:4      | Found a glowing golden altar of the Shining One.
  4033 | D:5      | Entered Level 5 of the Dungeon
  4184 | D:5      | Got a spiked ring mail
  4195 | D:5      | Identified the +3 ring mail of Mirth {MR++ Regen+ Dex+2} (You found it on level 5 of the Dungeon)
  4329 | D:5      | Reached skill level 11 in Axes
  4487 | D:5      | Found a blossoming altar of Fedhas.
  4487 | D:5      | Found a snail-covered altar of Cheibriados.
  4757 | D:5      | Found a glowing silver altar of Zin.
  4801 | D:5      | Found a staircase to the Ecumenical Temple.
  4909 | D:6      | Noticed Pikel
  4931 | D:6      | Killed Pikel
  4931 | D:6      | Reached skill level 12 in Axes
  4931 | D:6      | Reached XP level 8. HP: 64/64 MP: 7/7
  5186 | D:6      | Found a sacrificial altar of Ru.
  5197 | D:6      | You fall through a shaft!
  5293 | D:7      | Reached skill level 13 in Axes
  5548 | D:6      | Gained mutation: You are partially covered in large bone plates (AC +2, SH +2). [mutagenic meat]
  5549 | D:6      | Gained mutation: Your flesh is heat resistant. [mutagenic meat]
  5550 | D:6      | Gained mutation: You have large cloven feet. [mutagenic meat]
  5551 | D:6      | Gained mutation: You are resistant to hostile enchantments. [mutagenic meat]
  5624 | D:6      | Reached XP level 9. HP: 70/70 MP: 8/8
  5730 | D:6      | Noticed Edmund
  5752 | D:6      | Killed Edmund
  5752 | D:6      | Reached skill level 14 in Axes
  6507 | D:8      | Reached **** piety under Trog
  6507 | D:8      | Reached skill level 5 in Fighting
  6790 | D:8      | Reached skill level 5 in Armour
  6792 | D:8      | Received a gift from Trog
  6965 | D:8      | Gained mutation: Your system is resistant to poisons. [potion of beneficial mutation]
  7517 | D:9      | Reached XP level 10. HP: 86/86 MP: 9/9
  7577 | D:9      | Found a staircase to the Orcish Mines.
  7691 | D:9      | Found a staircase to the Lair.
  7902 | D:9      | Reached ***** piety under Trog
  8240 | D:10     | Entered Level 10 of the Dungeon
  8407 | D:10     | Noticed a hill giant
  8413 | D:10     | Killed a hill giant
  8448 | D:10     | Noticed a hill giant
  8528 | Lair:1   | Entered Level 1 of the Lair of Beasts
  8538 | Lair:1   | Noticed tp1's ghost (novice DECj)
  8542 | Lair:1   | Killed tp1's ghost
  8542 | Lair:1   | Reached skill level 10 in Fighting
  8542 | Lair:1   | Reached skill level 10 in Armour
  8611 | Lair:1   | Noticed Grum
  8621 | Lair:1   | Killed Grum
  8640 | Lair:1   | Noticed Urug
  8659 | Lair:1   | Killed Urug
  8659 | Lair:1   | Reached XP level 11. HP: 51/100 MP: 10/10
  8781 | Lair:1   | Noticed an eight-headed hydra
  8788 | Lair:1   | Killed an eight-headed hydra
  8812 | Lair:1   | Received a gift from Trog
  8818 | Lair:1   | Got a smoking battleaxe {god gift}
  8819 | Lair:1   | Identified the +11 battleaxe of the Trees {venom, rPois} (Trog gifted it to you on level 1 of the Lair of Beasts)
  8855 | Lair:1   | Reached skill level 15 in Axes
  8859 | Lair:1   | Noticed Gastronok
  8944 | Lair:1   | Killed Gastronok
  8944 | Lair:1   | Reached skill level 16 in Axes
  8983 | Lair:1   | Noticed xeno23's ghost (journeyman DEFE)
  8999 | Lair:1   | Killed xeno23's ghost
  9044 | Lair:1   | Noticed fotsohgehT's ghost (journeyman DEIE)
  9046 | Lair:1   | Noticed a six-headed hydra
  9051 | Lair:1   | Slain by a six-headed hydra

Action                   |  1- 3 |  4- 6 |  7- 9 | 10-12 || total
-------------------------+-------+-------+-------+-------++-------
Melee: Hand axe          |    43 |   127 |   388 |   140 ||   698
       Battleaxe         |       |       |       |    77 ||    77
Invok: Berserk           |     3 |     4 |     3 |     7 ||    17
       Trog's Hand       |       |     1 |       |       ||     1
       Burn Spellbooks   |       |       |     1 |     4 ||     5
       Brothers in Arms  |       |       |       |     2 ||     2
Evoke: Wand              |       |       |     1 |     3 ||     4
  Use: Scroll            |       |     8 |    10 |     1 ||    19
       Potion            |       |       |     1 |       ||     1
 Stab: Distracted        |       |       |     1 |     1 ||     2
       Sleeping          |       |       |     2 |     2 ||     4
  Eat: Chunk             |     2 |     9 |    21 |     7 ||    39
       Beef jerky        |     1 |       |     1 |       ||     2
       Pizza             |       |       |     2 |       ||     2
       Bread ration      |       |       |     1 |       ||     1
       Meat ration       |       |       |     1 |     1 ||     2
